 Seeded DCSS version 0.27-a0-346-ga689d4a613 (webtiles) character file.

Game seed: 9349506858573456347 (custom seed)

406 innerfire43 the Skirmisher (level 6, -8/52 HPs)
             Began as a Demonspawn Wanderer on Feb 10, 2021.
             Was a Follower of Wu Jian.
             Killed from afar by a yellow draconian scorcher (16 damage)
             ... with a bolt of fire
             ... on level 1 of the Abyss on Feb 16, 2021.
             The game lasted 00:13:41 (3982 turns).

innerfire43 the Skirmisher (Demonspawn Wanderer)    Turns: 3982, Time: 00:13:42

Health: -8/52      AC: 20    Str: 15    XL:     6   Next: 56%
Magic:  7/7        EV:  7    Int: 12    God:    Wu Jian [*.....]
Gold:   307        SH:  8    Dex: 13    Spells: 5/5 levels left

rFire    + . .     SeeInvis .   y - +4 dagger (protect)
rCold    + + .     Faith    .   k - +0 kite shield
rNeg     + . .     Spirit   .   f - +0 pearl dragon scales
rPois    +         Reflect  .   (no helmet)
rElec    +         Harm     .   D - +0 cloak {Will+}
rCorr    +         Rampage  .   (no gloves)
Will     +....                  (no boots)
Stlth    ..........             (no amulet)
HPRegen  0.17/turn              x - ring of protection from cold
MPRegen  0.10/turn              (no ring)

@: resistant, protection aura
A: molten scales 1, demonic guardian 1, high mp 1, spiny 2, MP-powered wands
a: Renounce Religion


You were on level 1 of the Abyss.
You worshipped Wu Jian.
Wu Jian was aware of your devotion.
You visited 1 branch of the dungeon, and saw 5 of its levels.
You visited the Abyss 1 time.

You collected 307 gold pieces.

Inventory:

Hand Weapons
 a - a +0 dagger
 y - a +4 dagger of protection (weapon)
 z - a +0 hunting sling
 C - a +3 quarterstaff of chaos
Missiles
 b - 2 throwing nets (quivered)
 s - 6 poisoned darts
 A - 115 stones
Armour
 e - a +0 leather armour
 f - +0 pearl dragon scales (worn)
 k - a +0 kite shield (worn)
 n - a +0 cloak
 D - a +0 cloak of willpower (worn)
Jewellery
 x - a ring of protection from cold (left hand)
Wands
 r - a wand of acid (7)
Scrolls
 c - 3 scrolls of amnesia
 o - 3 scrolls of immolation
 p - a scroll of random uselessness
 t - a scroll of magic mapping {unknown}
 u - a scroll of noise {unknown}
 w - a scroll of teleportation {unknown}
 E - a scroll of blinking {unknown}
Potions
 d - a potion of lignification
 g - a potion of haste {unknown}
 h - 2 potions of flight {unknown}
 i - a potion of berserk rage {unknown}
 j - a potion of degeneration {unknown}
 m - a potion of attraction {unknown}
 q - 2 potions of might {unknown}
 v - a potion of curing
 B - a potion of ambrosia {unknown}


   Skills:
 + Level 6.0 Fighting
 * Level 2.8 Short Blades
 + Level 1.0 Throwing
 + Level 2.0 Armour
 - Level 2.7 Dodging
 - Level 0.7 Stealth
 + Level 2.8 Shields
 + Level 1.0 Unarmed Combat
 * Level 0.2 Spellcasting


You had 5 spell levels left.
You didn't know any spells.
Your spell library contained the following spells:

 Spells                   Type           Power        Failure   Level
 Summon Small Mammal      Summ           0%           100%        1
 Call Imp                 Summ           0%           100%        2
 Call Canine Familiar     Summ           0%           100%        3
 Summon Guardian Golem    Hex/Summ       0%           100%        3
 Summon Ice Beast         Ice/Summ       0%           100%        4
 Summon Lightning Spire   Summ/Air       0%           100%        4


Dungeon Overview and Level Annotations

Branches:
Dungeon (5/15)
 Temple: D:4-7

Altars:
Ashenzari
Dithmenos
Elyvilon
Hepliaklqana
Kikubaaqudgha
Nemelex Xobeh
Okawaru
Qazlal
Ru
Sif Muna
Wu Jian
The Shining One


Innate Abilities, Weirdness & Mutations

You are partially covered in molten scales. (AC +2)
A weak demonic guardian rushes to your aid.
You are mostly covered in sharp spines.
You have an increased reservoir of magic. (+10% MP)
You expend magic power (3 MP) to strengthen your wands.


Message History

Killing monsters will force the Abyss to allow you passage.
This branch contains the abyssal rune of Zot.
Unknown command.
Magic restored.
A yellow draconian scorcher materialises.
It is wielding a +0 long sword.
You feel better.
The yellow draconian scorcher roars!
The yellow draconian scorcher casts a spell at you.
The bolt of magma hits you!!
* * * LOW HITPOINT WARNING * * *
You are too injured to fight recklessly!
You are too injured to fight recklessly!
You feel better.
The yellow draconian scorcher is struck by your spines.
The yellow draconian scorcher hits you with a +0 long sword!
* * * LOW HITPOINT WARNING * * *
A demonic guardian appears!
As you read the scroll labelled BUONAVV MOCZIF, it crumbles to dust.
The dust glows pale viridian!
It was a scroll of random uselessness.
You feel protected.
The yellow draconian scorcher closely misses you.
You spin and attack the yellow draconian scorcher.
Your shield and pearl dragon scales prevent you from hitting the yellow draconian scorcher.
The yellow draconian scorcher is lightly wounded.
The yellow draconian scorcher completely misses you.
You hit the yellow draconian scorcher but do no damage.
Your weapon exudes an aura of protection.
The yellow draconian scorcher is lightly wounded.
Your shadow imp closely misses the yellow draconian scorcher.
The yellow draconian scorcher hits you but does no damage.
You hit the yellow draconian scorcher but do no damage.
The yellow draconian scorcher is lightly wounded.
Your shadow imp misses the yellow draconian scorcher.
The yellow draconian scorcher hits you but does no damage.
Your shadow imp barely misses the yellow draconian scorcher.
You hit the yellow draconian scorcher but do no damage.
The yellow draconian scorcher is lightly wounded.
The yellow draconian scorcher points at you and mumbles some strange words.
The bolt of fire hits you! You resist.
You die...

### ..
#.# ##
.. .#
.# .#.#
####q.#
#..5@#
#..####
##. . #
.....
......
#... #.


You could see a yellow draconian scorcher (ally target) and a friendly shadow
imp (summoned).

Vanquished Creatures
  A scorpion (D:4)
  A howler monkey (D:4)
  Crazy Yiuf (D:4)
  3 worker ants (D:4)
  Robin (D:4)
  5 gnolls
  6 adders
  An ufetubus (D:5)
  An ooze (D:1)
  An adder skeleton (D:5)
  3 dart slugs
  3 leopard geckos
  5 orcs
  4 bats
  4 giant cockroaches
  14 goblins
  13 hobgoblins
  2 jackals (D:3)
  6 kobolds
  A quokka (D:3)
  A ball python (D:3)
  3 frilled lizards
  3 rats
83 creatures vanquished.

Vanquished Creatures (collateral kills)
  A hobgoblin (D:2)
  A jackal (D:3)
2 creatures vanquished.

Grand Total: 85 creatures vanquished

Notes
Turn   | Place    | Note
-------+----------+-------------------------------------------
     0 | D:1      | innerfire43 the Demonspawn Wanderer began the quest for the
                  | Orb.
     0 | D:1      | innerfire43 set off with the following items: a +0 dagger,
                  | 3 throwing nets, a potion of curing, a potion of
                  | lignification, a +0 leather armour
     0 | D:1      | Reached XP level 1. HP: 21/21 MP: 1/1
    61 | D:1      | Upgraded the game from 0.27-a0-323-gbd089401bb to
                  | 0.27-a0-346-ga689d4a613
   146 | D:1      | Gained mutation: You are partially covered in sharp spines.
                  | [demonic ancestry]
   146 | D:1      | Reached XP level 2. HP: 5/27 MP: 2/2
   155 | D:1      | HP: 1/27 [ooze (3)]
  1078 | D:2      | Gained mutation: A weak demonic guardian rushes to your
                  | aid. [demonic ancestry]
  1078 | D:2      | Reached XP level 3. HP: 34/34 MP: 3/3
  1177 | D:2      | Found an iron altar of Okawaru.
  1227 | D:2      | Found an ancient bone altar of Kikubaaqudgha.
  1251 | D:2      | Reached skill level 1 in Short Blades
  1654 | D:3      | Gained mutation: You are partially covered in molten
                  | scales. (AC +2) [demonic ancestry]
  1654 | D:3      | Reached XP level 4. HP: 34/40 MP: 4/4
  2016 | D:3      | Reached skill level 1 in Armour
  2381 | D:3      | Found a faded altar of an unknown god.
  2402 | D:3      | Became a worshipper of the Wu Jian Council
  2402 | D:3      | Reached * piety under Wu Jian
  2520 | D:3      | Reached XP level 5. HP: 46/46 MP: 5/5
  2657 | D:4      | Found a hazy altar of Hepliaklqana.
  2659 | D:4      | Found a sacrificial altar of Ru.
  2662 | D:4      | Found a shadowy altar of Dithmenos.
  2662 | D:4      | Found a glowing golden altar of the Shining One.
  2664 | D:4      | Found a stormy altar of Qazlal.
  2720 | D:4      | Found a broken altar of Ashenzari.
  2741 | D:4      | Reached skill level 6 in Fighting
  2780 | D:4      | Noticed Robin
  2858 | D:4      | Killed Robin
  3021 | D:4      | Gained mutation: You are mostly covered in sharp spines.
                  | [demonic ancestry]
  3021 | D:4      | Reached XP level 6. HP: 38/52 MP: 6/6
  3174 | D:4      | Found a white marble altar of Elyvilon.
  3346 | D:4      | Gained mutation: You expend magic power (3 MP) to
                  | strengthen your wands. [potion of mutation]
  3346 | D:4      | Gained mutation: You have an increased reservoir of magic.
                  | (+10% MP) [potion of mutation]
  3403 | D:4      | Found a shimmering blue altar of Sif Muna.
  3549 | D:4      | Found a sparkling altar of Nemelex Xobeh.
  3580 | D:4      | Found a runed translucent door.
  3581 | D:4      | Noticed Crazy Yiuf
  3739 | D:4      | Killed Crazy Yiuf
  3816 | D:5      | Entered Level 5 of the Dungeon
  3942 | D:5      | Cast into level 1 of the Abyss (gnoll sergeant)
  3974 | Abyss:1  | Noticed a yellow draconian scorcher
  3982 | Abyss:1  | Killed from afar by a yellow draconian scorcher

Illustrated notes

Levels and vault maps discovered:
D:1:      matt_arrival_grand_opening, layout_basic
D:2:      layout_rooms, old_standard_altar, old_standard_altar
D:3:      layout_loops_ring, chequers_ecumenical_altar_simple_redux,
          grunt_decor_arrowhead
D:4:      layout_rooms, nemelex_xobeh_ov_fountains_minmay,
          grunt_temple_overflow_open, lemuel_round_altar,
          nicolae_ashenzari_panopticon, led_sif_pool, skrybe_limestone_x,
          minmay_misc_feat_secret_circle, hangedman_decor_opposing,
          uniq_crazy_yiuf_cottage, uniq_robin
D:5:      layout_rooms, enter_ossuary_4
Abyss:1:  base:
Temple

Skill      XL: |  1  2  3  4  5  6 |
---------------+-------------------+-----
Dodging        | 2 |  2.7
Short Blades   | 1 2 |  2.8
Armour         | 1 2 |  2.0
Fighting       | 6 |  6.0
Shields        | 2 |  2.8
Throwing       | |  1.0
Stealth        | |  0.7
Unarmed Combat | |  1.0
Spellcasting   | |  0.2

Action                   |  1- 3 |  4- 6 || total
-------------------------+-------+-------++-------
Melee: Dagger            |   117 |   262 ||   379
Throw: Throwing net      |       |     1 ||     1
Invok: Whirlwind         |       |    12 ||    12
       Lunge             |       |     7 ||     7
  Use: Potion            |     1 |     4 ||     5
       Scroll            |       |     4 ||     4
 Stab: Distracted        |       |     1 ||     1
Armor: Leather armour    |    19 |       ||    19
       Pearl dragon scal |    59 |   120 ||   179
Dodge: Dodged            |    64 |    46 ||   110
Block: Kite shield       |    33 |   109 ||   142

Table legend: (Time is in decaauts)
 A = Elapsed time spent in this place.
 B = Non-inter-level travel time spent in this place.
 C = Inter-level travel time spent in this place.
 D = Time resting spent in this place.
 E = Time spent auto-exploring this place.
 F = Levels seen in this place.
 G = Mean time per level.
                   A        B        C        D        E       F      G
               +--------+--------+--------+--------+--------+-----+--------+
         Total |   4038 |   3989 |     49 |      0 |   3004 |   6 |  673.0 |
       Dungeon |   3998 |   3949 |     49 |      0 |   2976 |   5 |  799.6 |
         Abyss |     39 |     39 |      0 |      0 |     28 |   1 |   39.0 |
               +--------+--------+--------+--------+--------+-----+--------+

Top non-repeatable levels by time:
     D:4: 1187 daAuts
     D:3: 1143 daAuts
     D:1: 1072 daAuts
     D:2: 466 daAuts
     D:5: 127 daAuts
 Abyss:1: 39 daAuts
